 Dungeon Crawl Stone Soup version 0.29-a0-364-g921d912d32 (webtiles) character file.

Game seed: 15654966072610578989

3528 bande the Cleaver (level 10, -2/60 HPs)
             Began as a Gargoyle Fighter on May 1, 2022.
             Was a Priest of Okawaru.
             Slain by a boulder beetle (13 damage)
             ... on level 7 of the Dungeon.
             The game lasted 00:13:25 (7112 turns).

bande the Cleaver (Gargoyle Fighter)                Turns: 7112, Time: 00:13:26

Health: -2/60      AC: 23    Str: 21    XL:     10   Next: 8%
Magic:  13/13      EV:  3    Int:  8    God:    Okawaru [***...]
Gold:   1259       SH:  6    Dex: 15    Spells: 9/9 levels left

rFire   + . .      SeeInvis .   a - +1 war axe (elec)
rCold   + . .      Faith    .   c - +1 buckler
rNeg    + . .      Spirit   .   r - +0 gold dragon scales
rPois   ∞          Reflect  .   o - +1 hat
rElec   +          Harm     .   (no cloak)
rCorr   .          Rampage  .   (no gloves)
Will    .....                   (no boots)
Stlth   ..........              (no amulet)
HPRegen 0.20/turn               (no ring)
MPRegen 0.13/turn               (no ring)

@: studying Bows
A: sickness immunity, AC +7, negative energy resistance 1, electricity
resistance, torment resistance 1, petrification resistance, thin skeletal
structure 1, sense surroundings 1, evolution 1, MP-powered wands
a: Renounce Religion, Heroism


You were on level 7 of the Dungeon.
You worshipped Okawaru.
Okawaru was most pleased with you.
You visited 1 branch of the dungeon, and saw 7 of its levels.

You collected 2059 gold pieces.
You spent 800 gold pieces at shops.

Inventory:

Hand Weapons
 a - a +1 war axe of electrocution (weapon)
 p - a +0 flail
Armour
 c - a +1 buckler (worn)
 o - a +1 hat (worn)
 r - +0 gold dragon scales (worn)
Wands
 e - a wand of paralysis (15)
 m - a wand of flame (14)
 n - a wand of mindburst (15)
Scrolls
 b - 2 scrolls of identify
 f - a scroll of silence
 l - 2 scrolls of holy word
Potions
 d - 3 potions of heal wounds
 j - 5 potions of ambrosia
 k - 2 potions of haste
 q - 5 potions of curing
Miscellaneous
 g - a condenser vane


   Skills:
 + Level 6.2 Fighting
 + Level 8.6 Axes
 + Level 6.8 Armour
 - Level 0.1 Stealth
 + Level 5.2 Shields
 * Level 4.7 Invocations
 * Level 4.5 Evocations


You had 9 spell levels left.
You didn't know any spells.
Your spell library contained the following spells:

 Spells                   Type           Power      Damage    Failure   Level
 Sandblast                Erth           0%         2d4       100%        1
 Passwall                 Tmut/Erth      0%         N/A       100%        2
 Wereblood                Tmut           0%         N/A       100%        2
 Confusing Touch          Hex            0%         N/A       100%        3
 Gell's Gravitas          Tloc           0%         N/A       100%        3
 Stone Arrow              Conj/Erth      0%         3d7       100%        3
 Teleport Other           Tloc           0%         N/A       100%        3
 Olgreb's Toxic Radiance  Pois           0%         N/A       100%        4
 Freezing Cloud           Conj/Ice/Air   0%         6-21      100%        5
 Yara's Violent Unravell  Hex/Tmut       0%         3d3       100%        5
 Dispersal                Tloc           0%         N/A       100%        6
 Enfeeble                 Hex            0%         N/A       100%        7
 Ozocubu's Refrigeration  Ice            0%         4d5       100%        7
 Ignition                 Fire           0%         3d3       100%        8
 Polar Vortex             Ice            0%         N/A       100%        9
 Sublimation of Blood     Necr           Unusable   N/A       N/A         2
 Simulacrum               Ice/Necr       Unusable   N/A       N/A         6
 Summon Hydra             Summ           Unusable   N/A       N/A         7

Dungeon Overview and Level Annotations

Branches:
Dungeon (7/15)
 Temple: D:4-7

Altars:
Dithmenos
Hepliaklqana
Nemelex Xobeh
Okawaru
Ru
Uskayaw
Zin
The Shining One

Shops:
D:5 [


Innate Abilities, Weirdness & Mutations

You are immune to sickness and miasma.
Your stone body is resilient. (AC +7)
You are immune to poison.
You resist negative energy. (rN+)
You are resistant to electric shocks. (rElec)
You are resistant to unholy torment.
You are immune to petrification.
You have a somewhat thin skeletal structure. (Dex +2, Stealth+)
You passively map a small area around you.
You have hidden genetic potential.
You expend magic power (3 MP) to strengthen your wands.


Message History

You are too injured to fight recklessly!
You hit the boulder beetle but do no damage.
Lightning courses through the boulder beetle!
The boulder beetle is lightly wounded.
The boulder beetle leaps!
You hit the boulder beetle but do no damage.
The boulder beetle is lightly wounded.
The boulder beetle leaps!
The boulder beetle bites you.
You completely miss the boulder beetle.
The boulder beetle is lightly wounded.
The boulder beetle leaps!
The boulder beetle bites you!
* * * LOW HITPOINT WARNING * * *
You are confused.
You feel invigorated. The boulder beetle bites you!
* * * LOW HITPOINT WARNING * * *
You hit the boulder beetle but do no damage.
The boulder beetle is lightly wounded.
The boulder beetle bites you but does no damage.
You closely miss the boulder beetle.
The boulder beetle is lightly wounded.
The boulder beetle leaps!
You bump into the metal wall.
You feel less invigorated.
You feel less confused.
The boulder beetle curls into a ball and begins rolling!
The boulder beetle hits you but does no damage.
The boulder beetle stops rolling and uncurls.
You slash the boulder beetle!
The boulder beetle is moderately wounded.
The boulder beetle bites you!
* * * LOW HITPOINT WARNING * * *
You hit the boulder beetle but do no damage.
The boulder beetle is moderately wounded.
The boulder beetle barely misses you.
You hit the boulder beetle but do no damage.
Lightning courses through the boulder beetle!
The boulder beetle is moderately wounded.
The boulder beetle bites you!
You die...

, ,#.†#.##.⌠.._._....#.
, #..##[#..⌠.....⌠..#.
,**, ,
###)####..⌠...⌠..##. *
,,,*
##.....###..⌠.⌠..##.. ,
*##.#####.###.....## .#
##.##...##.####.### ##
, , #.##|###.##.#.....#
...
##.##..##.#.###.###..#*
* ##.#:@.#.#..........#
* #.##B##.#.###.###..#
, ##.###.##.#.....#,##
, , ##...##.####.### *
,, #####.###).## , , ,,
* ,,,.###.### , , , ##
#.###, , ##, #.##.####
, , . ##.#.#..## *


You could see a boulder beetle.

Vanquished Creatures
  Maggie (D:6)
  The ghost of spaghetti the Magician, a novice VSCj (D:6)
  Sigmund (D:2)
  2 steam dragons (D:7)
  4 humans (D:6)
  A vampire mosquito (D:7)
  A black bear (D:4)
  An orc warrior (D:7)
  6 ice beasts
  An ogre (D:5)
  2 phantoms
  A bullfrog (D:6)
  2 scorpions
  4 wights (D:7)
  A howler monkey (D:5)
  2 hounds (D:5)
  4 jellies
  A gnoll shaman (D:7)
  2 iguanas
  2 orc wizards
  8 gnolls
  5 adders
  A white imp (D:7)
  2 worms
  2 dart slugs (D:1)
  16 orcs
  13 ball pythons
  2 bats
  6 endoplasms
  3 giant cockroaches
  7 hobgoblins
  2 jackals (D:1)
  5 quokkas
  5 frilled lizards
  7 goblins
  10 kobolds
  10 rats
144 creatures vanquished.

Vanquished Creatures (others)
  An orc wizard (D:7)
1 creature vanquished.

Grand Total: 145 creatures vanquished

Notes
Turn   | Place    | Note
-------+----------+-------------------------------------------
     0 | D:1      | bande the Gargoyle Fighter began the quest for the Orb.
     0 | D:1      | Reached XP level 1. HP: 14/14 MP: 1/1
   145 | D:1      | Reached XP level 2. HP: 17/19 MP: 2/2
   233 | D:1      | Reached skill level 2 in Axes
   485 | D:1      | Reached XP level 3. HP: 14/23 MP: 3/3
  1405 | D:2      | Noticed Sigmund
  1415 | D:2      | Killed Sigmund
  1416 | D:2      | Reached skill level 4 in Axes
  1416 | D:2      | Reached XP level 4. HP: 27/29 MP: 4/4
  1416 | D:2      | Reached XP level 5. HP: 31/33 MP: 5/5
  1440 | D:2      | Found a faded altar of an unknown god.
  1605 | D:2      | Reached XP level 6. HP: 38/38 MP: 6/6
  2214 | D:3      | Found a hide-covered altar of Uskayaw.
  2236 | D:3      | Identified a scroll of acquirement
  2236 | D:3      | Acquired 1315 gold pieces
  2918 | D:4      | You fall into a shaft and drop 3 floors!
  2919 | D:7      | Acquired 281 gold pieces
  2937 | D:6      | Found a runed translucent door.
  2937 | D:6      | Noticed an ice beast
  2938 | D:6      | Noticed spaghetti's ghost (novice VSCj)
  2942 | D:6      | Killed an ice beast
  3105 | D:5      | Entered Level 5 of the Dungeon
  3111 | D:5      | Reached skill level 1 in Evocations
  3111 | D:5      | Reached XP level 7. HP: 38/43 MP: 7/7
  3175 | D:5      | Reached skill level 5 in Axes
  3308 | D:5      | Reached skill level 5 in Armour
  4039 | D:4      | Found a sparkling altar of Nemelex Xobeh.
  4085 | D:4      | Found an iron altar of Okawaru.
  4094 | D:4      | Became a worshipper of Warmaster Okawaru
  4121 | D:4      | Gained mutation: You have hidden genetic potential. [potion
                  | of mutation]
  4121 | D:4      | Gained mutation: You have a somewhat thin skeletal
                  | structure. (Dex +2, Stealth+) [potion of mutation]
  4121 | D:4      | Gained mutation: You expend magic power (3 MP) to
                  | strengthen your wands. [potion of mutation]
  4306 | D:5      | Reached XP level 8. HP: 48/48 MP: 8/8
  4356 | D:5      | Identified the +3 leather armour "Bekowo" {Drain rPois
                  | Dex+7}
  4470 | D:5      | Reached skill level 6 in Axes
  4470 | D:5      | Reached skill level 1 in Invocations
  4918 | D:5      | Found Gawain's Dragon-Slaying Spoils.
  4926 | D:5      | Bought +0 gold dragon scales for 800 gold pieces
  5403 | D:6      | Noticed Maggie
  5413 | D:6      | Killed Maggie
  5413 | D:6      | Reached * piety under Okawaru
  5414 | D:6      | Reached skill level 5 in Fighting
  5416 | D:6      | Gained mutation: You passively map a small area around you.
                  | [hidden potential]
  5833 | D:6      | Reached XP level 9. HP: 54/54 MP: 9/11
  5911 | D:6      | Reached skill level 7 in Axes
  6004 | D:6      | Reached ** piety under Okawaru
  6157 | D:6      | Found a glowing golden altar of the Shining One.
  6157 | D:6      | Found a sacrificial altar of Ru.
  6191 | D:6      | Gained mutation: You have great hidden genetic potential.
                  | [hidden potential]
  6191 | D:6      | Lost mutation: You have great hidden genetic potential.
                  | [hidden potential expressed]
  6337 | D:6      | Reached skill level 5 in Shields
  6497 | D:6      | Killed spaghetti's ghost
  6619 | D:7      | Reached skill level 8 in Axes
  6745 | D:7      | Found a hide-covered altar of Uskayaw.
  6745 | D:7      | Found a glowing silver altar of Zin.
  6768 | D:7      | Noticed a cyclops
  6768 | D:7      | Noticed a boulder beetle
  6769 | D:7      | HP: 1/55 [cyclops/large rock (26)]
  6984 | D:7      | Reached XP level 10. HP: 60/60 MP: 13/13
  6997 | D:7      | Reached *** piety under Okawaru
  6998 | D:7      | Found a hazy altar of Hepliaklqana.
  6999 | D:7      | Found a shadowy altar of Dithmenos.
  7112 | D:7      | Slain by a boulder beetle

Illustrated notes

Levels and vault maps discovered:
D:1:      dpeg_arrival_boxorama, layout_rooms, minmay_misc_feat_tiny,
          minmay_misc_feat_more_columns, minmay_misc_feat_four_crosses,
          chequers_serial_rivers_marsh, kennysheep_crisscross, st_stairs_3,
          corexii_hall_statues_deadend
D:2:      layout_basic, shapermc_ecumenical_altar_notcrosses, uniq_sigmund
D:3:      layout_basic, old_standard_altar
D:4:      layout_basic, nemelex_xobeh_ov_fountains_minmay,
          kennysheep_okawaru_gauntlet, minivault_24
D:5:      layout_layer_cave, nicolae_shop_dragon_depot
D:6:      layout_cave_pods, gammafunk_temple_overflow_pools,
          ebering_ghost_reflecting_pool, minmay_ruffians, uniq_maggie
D:7:      minmay_the_grid_octo_tiled_octocenter [minmay_the_grid_octo_chip,
          minmay_the_grid_octo_empty, minmay_the_grid_octo_fan_narrow,
          minmay_the_grid_octo_shrine, minmay_the_grid_octo_prize_single_spiral,
          minmay_the_grid_square_5x5_tetrominoes,
          minmay_the_grid_square_5x5_misaligned, minmay_the_grid_square_5x5_tie,
          minmay_the_grid_square_5x5_percent], layout_basic,
          minmay_temple_entry_slanted, due_unseen_surprise

Skill      XL: |  1  2  3  4  5  6  7  8  9 |
---------------+----------------------------+-----
Axes           | 2 4 5 6 8 |  8.6
Fighting       | 4 5 6 |  6.2
Armour         | 4 5 6 |  6.8
Shields        | 4 5 |  5.2
Evocations     | 1 2 3 4 |  4.5
Invocations    | 2 4 |  4.7
Stealth        | |  0.1

Action                   |  1- 3 |  4- 6 |  7- 9 | 10-12 || total
-------------------------+-------+-------+-------+-------++-------
Melee: War axe           |   106 |    86 |   198 |    36 ||   426
  Use: Scroll            |     5 |     7 |    10 |       ||    22
       Potion            |     1 |       |     2 |     1 ||     4
Armor: Scale mail        |    72 |    44 |    64 |       ||   180
       Gold dragon scale |       |       |    90 |    23 ||   113
Dodge: Dodged            |    73 |    27 |    59 |     4 ||   163
Block: Buckler           |    24 |    16 |    60 |    13 ||   113

Table legend: (Time is in decaauts)
 A = Elapsed time spent in this place.
 B = Non-inter-level travel time spent in this place.
 C = Inter-level travel time spent in this place.
 D = Time resting spent in this place.
 E = Time spent auto-exploring this place.
 F = Levels seen in this place.
 G = Mean time per level.
                   A        B        C        D        E       F      G
               +--------+--------+--------+--------+--------+-----+--------+
         Total |   7244 |   7167 |     77 |    783 |   4868 |   7 | 1034.9 |
       Dungeon |   7244 |   7167 |     77 |    783 |   4868 |   7 | 1034.9 |
               +--------+--------+--------+--------+--------+-----+--------+

Top non-repeatable levels by time:
     D:5: 1526 daAuts
     D:6: 1346 daAuts
     D:1: 1304 daAuts
     D:3: 1065 daAuts
     D:4: 811 daAuts
     D:2: 597 daAuts
     D:7: 592 daAuts
